 Dungeon Crawl Stone Soup version 0.28.0 (webtiles) character file.

Game seed: 15373683767742251586

47 growler the Gusty (level 3, 0/19 HPs)
             Began as a Tengu Air Elementalist on Feb 11, 2022.
             Slain by an orc priest (4 damage)
             ... on level 3 of the Dungeon.
             The game lasted 00:04:54 (2186 turns).

growler the Gusty (Tengu Air Elementalist)          Turns: 2186, Time: 00:04:55

Health: 0/19       AC:  2    Str:  8    XL:     3   Next: 70%
Magic:  3/7        EV: 12    Int: 17    God:
Gold:   65         SH:  0    Dex: 14    Spells: 4/7 levels left

rFire   . . .      SeeInvis .   (no weapon)
rCold   . . .      Faith    .   (no shield)
rNeg    . . .      Spirit   .   a - +0 robe
rPois   .          Reflect  .   (helmet restricted)
rElec   .          Harm     .   (no cloak)
rCorr   .          Rampage  .   (no gloves)
Will    .....                   (boots unavailable)
Stlth   ++........              (no amulet)
HPRegen 0.06/turn               (no ring)
MPRegen 0.10/turn               (no ring)

@: no status effects
A: beak, talons 3
a: no special abilities


You were on level 3 of the Dungeon.
You visited 1 branch of the dungeon, and saw 3 of its levels.

You collected 65 gold pieces.

Inventory:

Armour
 a - a +0 robe (worn)
Jewellery
 z - a ring of see invisible
   (You found it on level 2 of the Dungeon)
Scrolls
 c - a scroll of fog {unknown}
 d - a scroll of enchant armour {unknown}
 f - a scroll of noise {unknown}
 h - 2 scrolls of vulnerability {unknown}
 i - a scroll of torment {unknown}
 k - a scroll of identify {unknown}
Potions
 b - a potion of ambrosia {unknown}
 e - a potion of degeneration {unknown}
 g - a potion of curing {unknown}
 j - a potion of might {unknown}


   Skills:
 - Level 2.1 Dodging
 - Level 2.0 Stealth
 + Level 2.6 Spellcasting
 + Level 2.8 Conjurations
 + Level 4.8 Air Magic


You had 4 spell levels left.
You knew the following spells:

 Your Spells              Type           Power      Damage    Failure   Level
a - Shock                 Conj/Air       60%        1d6       3%          1
d - Static Discharge      Conj/Air       15%        N/A       6%          2

Your spell library contained the following spells:

 Spells                   Type           Power      Damage    Failure   Level
 Swiftness                Air            18%        N/A       8%          3
 Airstrike                Air            9%         N/A       26%         4
 Stone Arrow              Conj/Erth      14%        3d7       30%         3
 Fulminant Prism          Conj/Hex       3%         3d6       69%         4
 Animate Armour           Summ/Erth      4%         N/A       88%         4
 Petrify                  Tmut/Erth      2%         N/A       88%         4
 Lehudib's Crystal Spear  Conj/Erth      3%         10d3      100%        8
 Shatter                  Erth           1%         3d5*      100%        9


Dungeon Overview and Level Annotations

Branches:
Dungeon (3/15)

Altars:


Innate Abilities, Weirdness & Mutations

You have a beak for a mouth.
You have claws for feet.


Message History

A rat comes into view.
A goblin comes into view. It is wielding a +0 club.
Aim: an orc, wielding a +0 hand axe (severely wounded, 71% to hit)
The zap hits the orc.
The goblin shouts!
You hear a shout!
An orc comes into view. It is wielding a +0 short sword.
Aim: an orc, wielding a +0 hand axe (severely wounded, 71% to hit)
The zap hits the orc.
You kill the orc!
A rat comes into view.
The rat moves out of view.
Aim: a rat (71% to hit)
The zap hits the rat.
An orc priest comes into view. It is wielding a +0 club.
Aim: a rat (severely wounded, 71% to hit)
The zap misses the rat.
The zap hits the orc.
Aim: a rat (severely wounded, 71% to hit)
The zap hits the goblin.
The zap hits the rat.
You kill the rat!
Aim: a goblin, wielding a +0 club (heavily wounded, 64% to hit)
The zap hits the goblin.
You kill the goblin!
The zap hits the rat.
You kill the rat!
The zap hits the orc.
You kill the orc!
You don't have enough magic to cast this spell.
Unknown command.
There is a stone staircase leading up here.
The orc priest calls down the wrath of Beogh upon you.
Beogh smites you!
You climb upwards.
There is a stone staircase leading down here.
You start resting.
You start resting.
You climb downwards.
A hobgoblin comes into view.
There is a stone staircase leading up here.
The orc priest is struck by an arc of lightning!
You are struck by an arc of lightning.
The lightning grounds out.
The hobgoblin shouts!
The orc priest mumbles some strange prayers to Beogh against you.
Beogh smites you!
Ouch! That really hurt!
* * * LOW HITPOINT WARNING * * *
The orc priest is struck by an arc of lightning.
You are struck by an arc of lightning.
* * * LOW HITPOINT WARNING * * *
The lightning grounds out.
The orc priest hits you with a +0 club.
You die...

#######)######
......[=.....#
#.#.. #.#g# #
#.#.##.#
###....#.#
#........#
#.#...o#######.
#.#....@.......
#.##.##########
#.†......#
####.###.#
##### #.#
##...## #.#
##.....## #.#
##.......###.#
#.........##.#


You could see an orc priest and a hobgoblin.

Vanquished Creatures
  3 worms
  2 orcs (D:3)
  2 bats
  3 endoplasms
  2 giant cockroaches (D:1)
  4 goblins
  6 hobgoblins
  4 ball pythons (D:2)
  A frilled lizard (D:1)
  5 kobolds
  4 rats
36 creatures vanquished.

Notes
Turn   | Place    | Note
-------+----------+-------------------------------------------
     0 | D:1      | growler the Tengu Air Elementalist began the quest for the
                  | Orb.
     0 | D:1      | Reached XP level 1. HP: 10/10 MP: 4/4
    88 | D:1      | Found a faded altar of an unknown god.
   362 | D:1      | Reached XP level 2. HP: 15/15 MP: 4/6
   365 | D:1      | Learned a level 2 spell: Static Discharge
  1401 | D:2      | Reached XP level 3. HP: 18/19 MP: 2/7
  1827 | D:2      | Got the Volume of Stones and Battle Magic
  2186 | D:3      | Slain by an orc priest

Illustrated notes

Levels and vault maps discovered:
D:1:      zelgadis_glass_arrival_small, layout_rooms,
          shapermc_ecumenical_altar_starsandcircs, nicolae_figureground_sparkle
D:2:      layout_rooms, minmay_ruptured
D:3:      layout_loops_ring, marbit_many_paths, lemuel_doored_altar,
          nicolae_uskayaw_en_pointe, chequers_temple_overflow_statue_of_worship,
          st_stairs_4, kennysheep_generic_room_15, uniq_robin

Skill      XL: |  1  2 |
---------------+-------+-----
Conjurations   | 2 |  2.8
Dodging        | |  2.1
Stealth        | |  2.0
Spellcasting   | |  2.6
Air Magic      | |  4.8

Action                   || total
-------------------------++-------
Melee: Unarmed           ||    11
       Kick              ||     3
       Peck              ||     1
 Cast: Shock             ||    66
       Static Discharge  ||     7
Armor: Robe              ||     3
Dodge: Dodged            ||     8
